[Event "Norwegian Championship Elite 2022"]
[Site "Kongsvinger"]
[Date "2022.07.08"]
[Round "1.1"]
[White "Ostenstad, Berge"]
[Black "Hammer, Jon Ludvig"]
[Result "0-1"]
[ECO "B38"]
[WhiteElo "2451"]
[BlackElo "2638"]
[Annotator "TA"]
[PlyCount "108"]
[EventDate "2022.07.08"]
[EventCountry "NOR"]
[SourceTitle "playchess.com"]
[Source "ChessBase"]
[SourceQuality "1"]
[TimeControl "40/5400+30:1800+30"]

1. Nf3 g6 2. e4 c5 3. c4 Bg7 4. d4 cxd4 5. Nxd4 Nc6 6. Be3 Nf6 7. Nc3 d6 8. Be2 O-O 9. O-O Bd7 10. Nc2 Rc8 11. f3 Be6 {[%emt 0:13:05] B38: Sicilian: Maroczy Bind with 5...Bg7 and 7...0-0.} 12. Qd2 Nd7 13. Rab1 f5 {[%emt 0:00:52] The position is equal.} 14. exf5 $1 Bxf5 15. Rbc1 {[%emt 0:01:48] [#]} Qa5 $146 ({Predecessor:} 15... Rf7 16. b3 Qa5 17. Nd4 Nxd4 18. Bxd4 Bxd4+ 19. Qxd4 Qc5 20. Rcd1 g5 21. f4 gxf4 {½-½ (58) Blanco Gramajo,C (2538)-Sanchez,M (2359) ICCF email 2015}) 16. Na3 (16. b4 $14 Qd8 17. Nd5) 16... Nc5 17. Rfd1 a6 18. Bf1 Rcd8 19. Kh1 Kh8 (19... Na4 $15 20. Qd5+ Qxd5 21. cxd5 Nxc3 22. bxc3 Ne5) 20. Bh6 e5 21. Be3 (21. Nc2 $11) 21... Nd4 22. Nd5 Qxd2 23. Rxd2 h5 24. b4 Nce6 25. Bd3 Kh7 26. Nc2 Rc8 27. Bxd4 exd4 28. Bxf5 gxf5 29. Re1 Rfe8 30. Na3 {[%emt 0:00:24] [#]} (30. Red1 $15) 30... Nf4 $1 $17 31. Rxe8 Rxe8 32. Kg1 Nxd5 33. cxd5 {[%emt 0:00:03][%mdl 4096] Endgame KRB-KRN} Bh6 34. Rd1 (34. Rd3 $17) 34... Rc8 $19 35. Kf1 Rc3 36. Nb1 {[%emt 0:00:04] [#]} Rc2 {[%emt 0:00:09] Against Nd2} (36... Be3 $1 $19 {And now ...Rc2 would win.} 37. Ke2 (37. Nxc3 $2 dxc3 38. Re1 c2 $19) 37... Rc2+ 38. Nd2 Rxa2) 37. Na3 $1 $11 Rc3 (37... Rxa2 $11 38. Nc4 Be3 39. Nxd6 Kg6) 38. Nb1 $19 {[%emt 0:00:02] [#]} Rc2 {[%emt 0:00:08] Prevents Nd2.} ({Black should play} 38... Be3 $1 $19 {Hoping for ...Rc2.} 39. Ke2 (39. Nxc3 $2 dxc3 40. Re1 c2 $19) (39. Nd2 Rc2) 39... Rc2+ 40. Nd2 Rxa2) 39. Na3 $1 $11 Rxa2 40. Nc4 Be3 41. Nxd6 ({White should try} 41. Rd3 $1 $15) 41... Kg6 $1 $17 {[%emt 0:00:42] Threatens to win with ...b5.} 42. Nxb7 {[%emt 0:07:08] [#]} (42. b5 $17) 42... Kf6 $1 $19 ({Weaker is} 42... Rf2+ 43. Ke1 Kf6 44. d6 $11) 43. Na5 Rf2+ 44. Ke1 Rxg2 {[%emt 0:00:01] Black is more active.} 45. Nc4 (45. Nc6 $17 {is a better defense.}) 45... Rxh2 {[%emt 0:00:03] White must now prevent ...Rh1+.} 46. Nxe3 $2 (46. Rd3) 46... dxe3 {[%emt 0:00:23] KR-KR} 47. Rd3 f4 {[%emt 0:03:09] ( -> ...h4)} 48. Ra3 Ke5 (48... h4 $142 49. Rxa6+ Ke5 50. d6 Ke6 51. Rc6 h3 52. Rc4 Rb2 53. Rxf4 h2 54. Rh4 Kxd6 55. Kf1 {[#]} Rxb4 $3 56. Rh6+ Ke5 57. Kg2 Rb1 58. f4+ Kxf4 59. Rh4+ Kg5 60. Rxh2 e2 61. Rh8 e1=Q 62. Rg8+ Kh6 63. Rh8+ Kg7 64. Kf3 Kxh8 65. Kg4 Rb4+ 66. Kg5 Qe5+ 67. Kg6 Rb6+ 68. Kf7 Rf6#) 49. Rxa6 h4 50. d6 Ke6 51. d7+ Kxd7 52. Rh6 h3 53. b5 Rh1+ 54. Ke2 h2 {[%emt 0:00:10] Weighted Error Value: White=0.67/Black=0.42} 0-1

[Event "Norwegian Championship Elite 2022"]
[Site "Kongsvinger"]
[Date "2022.07.08"]
[Round "1.2"]
[White "Agdestein, Simen"]
[Black "Kaasen, Tor Fredrik"]
[Result "1-0"]
[ECO "E66"]
[WhiteElo "2559"]
[BlackElo "2433"]
[Annotator "TA"]
[PlyCount "63"]
[EventDate "2022.07.08"]
[EventCountry "NOR"]
[SourceTitle "playchess.com"]
[Source "ChessBase"]
[SourceQuality "1"]
[TimeControl "40/5400+30:1800+30"]

1. c4 g6 2. Nc3 c5 3. g3 Bg7 4. Bg2 Nc6 5. Nf3 Nf6 6. d4 d6 7. d5 Na5 8. Nd2 O-O 9. O-O e6 10. Rb1 exd5 11. cxd5 Rb8 {[%emt 0:02:08] E66: King's Indian: Fianchetto: 6...c5 7 0-0 Nc6 8 d5.} 12. b4 cxb4 13. Rxb4 Bf5 {[%emt 0:07:56] White has an edge.} 14. Bb2 {[%emt 0:06:16] [#]} a6 $146 ({Predecessor:} 14... b6 15. Nb5 Qe7 16. Qa1 Qxe2 17. Nf3 Qe7 18. Re1 Qd8 19. Nfd4 Bd7 20. Nc6 Nxc6 21. dxc6 Bxc6 22. Bxc6 {1-0 (30) Reschke,S (2385)-Dutschak,H (2260) Germany 1996}) 15. Qa1 Re8 (15... Rc8 $11 {keeps the balance.}) 16. a4 Rc8 17. h3 {[%emt 0:08:23] Hoping for g4.} h5 {[%emt 0:05:47] Prevents g4.} 18. e4 Bd7 19. Ncb1 b5 (19... Rc2 $11 {should be considered.}) 20. Na3 Nb7 21. axb5 Qa5 {[%emt 0:03:01][%mdl 8192] [#] This move loses the game for Black.} (21... axb5 $14 22. Nxb5 Rc2) 22. bxa6 $1 $18 Nc5 {[%emt 0:09:02] [#]} (22... Qxb4 23. axb7) 23. Bxf6 $1 Bxf6 {[%emt 0:00:29] [#]} 24. Qxf6 Qxb4 25. Nac4 {[%emt 0:00:34] Dancing on a razor blade.} Nb3 (25... Rf8 $142 26. a7 Qb7 27. Nxd6 Qxa7 28. Nxc8 Bxc8) 26. Nxd6 Nxd2 27. Qxf7+ Kh8 28. Qxd7 Rf8 29. Nxc8 Nxf1 30. Qe7 Qxe7 31. Nxe7 Re8 32. d6 {[%emt 0:00:50] Weighted Error Value: White=0.06 (flawless) /Black=1.16} 1-0

[Event "Norwegian Championship Elite 2022"]
[Site "Kongsvinger"]
[Date "2022.07.08"]
[Round "1.3"]
[White "Djurhuus, Rune"]
[Black "Urkedal, Frode Olav Olsen"]
[Result "1/2-1/2"]
[ECO "C84"]
[WhiteElo "2407"]
[BlackElo "2555"]
[Annotator "TA"]
[PlyCount "104"]
[EventDate "2022.07.08"]
[EventCountry "NOR"]
[SourceTitle "playchess.com"]
[Source "ChessBase"]
[SourceQuality "1"]
[TimeControl "40/5400+30:1800+30"]

1. e4 e5 2. Nf3 Nc6 3. Bb5 a6 4. Ba4 Nf6 5. O-O Be7 6. d4 exd4 7. e5 Ne4 8. Nxd4 O-O 9. Nf5 d5 10. exd6 Bxf5 {[%emt 0:02:05] The position is equal.} 11. dxe7 {[%emt 0:00:05] C84: Closed Ruy Lopez: Unusual White 6th moves.} Nxe7 12. Bb3 Nc5 13. Nc3 {[%emt 0:00:08] is the legacy move (13.Qxd8).} Nxb3 14. Qxd8 Raxd8 15. cxb3 Nc6 16. Bf4 Rd7 17. Rfd1 Nd4 18. f3 Rfd8 19. Kf2 {[%emt 0:00:19] Inhibits Ne2.} f6 {[%emt 0:02:37] [#]} 20. g4 $146 ({Predecessor:} 20. Rac1 g5 21. Be3 Nc2 22. Rxd7 Rxd7 23. a3 Nxe3 24. Kxe3 Kf7 25. b4 h5 26. Rd1 {½-½ (57) Stojanovic,D (2502)-Sanal,V (2535) Subotica 2019}) 20... Bc2 21. Rd2 Ne6 22. Rxd7 Rxd7 23. Be3 f5 {[%emt 0:03:37] And now ...f4 would win.} 24. Rc1 Bd3 25. Kg3 {[%emt 0:10:22] Prevents f4+.} g5 {[%emt 0:03:33] [#] Hoping for ...f4+.} 26. gxf5 Bxf5 27. Rd1 Rxd1 28. Nxd1 $11 {[%emt 0:00:06][%mdl 4096] Endgame KBN-KBN} Kf7 29. Nc3 Kf6 30. b4 Bd3 31. Kg4 Kg6 32. Kg3 Kf5 33. a3 Bc4 34. Bd2 b6 35. Nd1 {[%emt 0:01:03] [#] Black must now prevent Ne3+.} Bb3 36. Ne3+ Kg6 37. Bc3 b5 38. Ng4 Bd5 39. Ne5+ Kf5 40. Nd3 c6 41. Nc5 Nxc5 42. bxc5 {[%emt 0:00:14] KB-KB} Bb3 43. Bd2 h5 44. h3 Bd1 45. Kf2 Bb3 46. Kg3 Bc4 47. Be3 a5 48. Bd2 a4 49. Be3 Bf1 50. Bd2 Be2 51. Kf2 Bd1 52. Kg3 Bb3 {[%emt 0:01:19] An even fight not without its subleties.  Weighted Error Value: White=0.04 (flawless) /Black=0.03 (flawless)} 1/2-1/2

[Event "Norwegian Championship Elite 2022"]
[Site "Kongsvinger"]
[Date "2022.07.09"]
[Round "2.1"]
[White "Hammer, Jon Ludvig"]
[Black "Abdrlauf, Elham"]
[Result "1-0"]
[ECO "B12"]
[WhiteElo "2638"]
[BlackElo "2466"]
[Annotator "TA"]
[PlyCount "107"]
[EventDate "2022.07.08"]
[EventCountry "NOR"]
[SourceTitle "playchess.com"]
[Source "ChessBase"]
[SourceQuality "1"]
[TimeControl "40/5400+30:1800+30"]

1. e4 c6 2. d4 d5 3. e5 c5 4. Nf3 cxd4 5. Nxd4 Nc6 6. Nxc6 {[%emt 0:00:23] B12: Caro-Kann: Advance Variation.} bxc6 7. Bd3 e6 8. O-O {[%emt 0:00:33] The position is equal.} Ne7 9. Nd2 a5 10. c4 $5 {[%emt 0:01:22][%mdl 4] An interesting side line.} Ng6 11. Nf3 Be7 {[%emt 0:00:45] [#]} 12. g3 $146 ({Predecessor:} 12. cxd5 exd5 13. Nd4 Bd7 14. Nf5 O-O 15. f4 c5 16. Be3 c4 17. Bc2 Bxf5 18. Bxf5 {½-½ (35) Los,A (2405)-Tkachenko,I (2362) ICCF email 2021}) 12... O-O 13. h4 f5 14. h5 Nh8 15. cxd5 cxd5 16. Be3 Nf7 17. Rc1 Bd7 {[%emt 0:22:19] Against Bb5} 18. Qe2 Qb8 19. Bd4 Nh6 20. Rc3 Rc8 21. Rfc1 {[%emt 0:10:45] Strongly threatening Rxc8+.} Qb7 22. Nh2 Bb4 23. R3c2 Rxc2 24. Rxc2 Rc8 25. g4 Rxc2 26. Qxc2 Qc6 27. Qxc6 Bxc6 28. g5 Nf7 29. a3 Bd2 30. g6 hxg6 31. Nf3 Bf4 32. hxg6 Nh8 33. b4 {[%emt 0:00:07] White is more active.} (33. Ba6 $5 ) 33... axb4 34. axb4 Bb7 35. Nh4 Bg5 {[%emt 0:03:34] [#]} (35... Bc8 $14) 36. Nxf5 $1 $18 {[%emt 0:00:16] Nd6 is the strong threat.} ({And not} 36. Nf3 Bd8 $15) 36... exf5 (36... Nxg6 37. Nd6 Nh4) 37. Bxf5 Kf8 38. b5 {[%emt 0:00:07] Against Bc6} Ke7 39. Kg2 Kd8 40. Kg3 Be7 41. Kg4 Bb4 42. f4 Bd2 43. Bd3 Bc8+ {[%emt 0:00:34] [#]} 44. Kg3 $2 (44. Kg5 $1 $18 {and the rest is easy.} Kc7 45. Bf5 Bxf5 46. Kxf5 Bxf4 47. Kxf4 Nxg6+ 48. Kf5 Ne7+ 49. Ke6) 44... Bd7 $2 {[%emt 0:07:52][%mdl 8192] This costs Black the game.} (44... Kc7 $16 45. Kf3 Bd7) 45. b6 Bb5 46. Bxb5 {[%emt 0:08:38] White mates.} Nxg6 {[%emt 0:00:07] KBB-KBN} 47. Kg4 Nxf4 48. Ba6 Ng6 49. e6 Bb4 50. b7 Bd6 {[%emt 0:01:42] [#]} 51. Bc5 $1 {[%emt 0:00:05][%mdl 512] A strong pair of Bishops.} Bb8 (51... Bh2 52. Bd3) 52. Kg5 Ne7 53. Bb5 Ng8 54. e7+ {[%emt 0:00:17] Weighted Error Value: White=0.22 (precise) /Black=0.55} 1-0

[Event "Norwegian Championship Elite 2022"]
[Site "Kongsvinger"]
[Date "2022.07.09"]
[Round "2.2"]
[White "Ostmoe, Geir Sune Tallaksen"]
[Black "Agdestein, Simen"]
[Result "1/2-1/2"]
[ECO "A90"]
[WhiteElo "2483"]
[BlackElo "2559"]
[Annotator "TA"]
[PlyCount "119"]
[EventDate "2022.07.08"]
[EventCountry "NOR"]
[SourceTitle "playchess.com"]
[Source "ChessBase"]
[SourceQuality "1"]
[TimeControl "40/5400+30:1800+30"]

1. d4 e6 2. c4 f5 3. Nf3 Nf6 4. g3 d5 5. Bg2 Bd6 6. O-O O-O 7. Nc3 c6 8. Qc2 Ne4 9. Rb1 a5 {[%emt 0:00:12] A90: Dutch Defence: Miscellaneous and Modern Stonewall (with ...Bd6).} 10. a3 Nd7 11. b4 axb4 {[%emt 0:01:09] White is slightly better.} 12. axb4 Nxc3 13. Qxc3 dxc4 14. Qxc4 Nb6 15. Qc2 Nd5 16. Bd2 Qe7 17. b5 {[%emt 0:04:29] [#]} Bd7 $146 ({Predecessor:} 17... c5 18. dxc5 Bxc5 19. Rfc1 b6 20. Ne5 Ra3 21. Nd3 Bd6 22. Ra1 Bd7 23. Qb2 Rfa8 {½-½ (30) Stull,N (2164)-Haensel,J (1864) Luxembourg 2017}) 18. Ne5 (18. bxc6 {looks sharper.} Bxc6 19. e4 fxe4 20. Ng5) 18... Bxe5 19. dxe5 Rfc8 20. b6 Be8 21. e4 fxe4 22. Bxe4 Bg6 23. Bxg6 hxg6 24. Qxg6 c5 25. Bh6 Qf7 {[%emt 0:05:43][%mdl 1024] Black has compensation.} 26. Qg4 Rc6 27. Rb3 Kh7 28. Rf3 ({White should try} 28. Bg5 $11) 28... Qg6 $1 $15 29. Bg5 Rxb6 30. Rc1 Rb4 31. Qh3+ Kg8 32. Rxc5 Re4 33. Bd2 Rxe5 34. Rc4 {[%emt 0:00:24] Inhibits Nf4.} Re4 {[%emt 0:03:22] Against Rg4} 35. Rc1 Re2 36. Bf4 (36. Be3 $5) 36... Rf8 37. Qg2 (37. Bd6 $1 $11 Ra8 38. Rb3) 37... Qe4 {[%emt 0:03:33] [#] Strongly threatening ...g5.} 38. Rb3 $1 Nxf4 39. Qxe4 Nh3+ 40. Kg2 Rfxf2+ 41. Kxh3 {[%emt 0:00:17] [#] Intending Rc8+ and mate.} Rxh2+ 42. Kg4 {[%emt 0:00:04] Rc8+ would kill now.} Rxe4+ $11 {[%emt 0:00:06][%mdl 4096] Endgame KRR-KRR} 43. Kf3 Ree2 44. Rxb7 Ref2+ 45. Kg4 {[%emt 0:03:36] The position is equal.} Rh6 46. Rc5 Rg6+ 47. Rg5 $1 Kh7 48. Re7 Re2 49. Kh5 Rh2+ 50. Kg4 Re2 51. Kh5 Rxg5+ 52. Kxg5 {[%emt 0:00:05] KR-KR} Re5+ 53. Kf4 Rf5+ 54. Ke4 Rf6 55. Ke5 Rf3 56. Rxe6 Rxg3 {[%emt 0:00:18] ( -> ...Re3+)} 57. Kf4 {[%emt 0:00:12] Prevents Re3.} Rg1 58. Kf3 g6 59. Re5 Kh6 60. Kf2 $1 {[%emt 0:00:11] Weighted Error Value: White=0.08 (flawless) /Black=0.05 (flawless)} 1/2-1/2

[Event "Norwegian Championship Elite 2022"]
[Site "Kongsvinger"]
[Date "2022.07.09"]
[Round "2.3"]
[White "Elsness, Frode"]
[Black "Hauge, Lars Oskar"]
[Result "0-1"]
[ECO "C50"]
[WhiteElo "2464"]
[BlackElo "2526"]
[Annotator "TA"]
[PlyCount "82"]
[EventDate "2022.07.08"]
[EventCountry "NOR"]
[SourceTitle "playchess.com"]
[Source "ChessBase"]
[SourceQuality "1"]
[TimeControl "40/5400+30:1800+30"]

1. e4 e5 2. Nf3 Nc6 3. Bc4 Nf6 4. d3 Bc5 5. Bg5 h6 6. Bh4 Be7 {[%emt 0:00:52] C50: Hungarian Defence and Giuoco Pianissimo.} 7. Nc3 d6 8. Bxf6 Bxf6 {[%emt 0:00:51] The position is equal.} 9. Nd5 g6 {[%emt 0:09:30] [#]} 10. a4 $146 ({Predecessor:} 10. Nxf6+ Qxf6 11. Qd2 Bg4 12. Ng1 O-O-O 13. h3 Be6 14. Bb3 d5 15. exd5 Bxd5 16. Bxd5 Rxd5 17. Ne2 {0-1 (56) Ziersch,H (2109)-Karpatchev,A (2533) Dresden 2006}) 10... Bg7 11. h4 Ne7 12. Qd2 Nxd5 13. Bxd5 c6 14. Bb3 O-O 15. h5 g5 16. Nh2 d5 17. g4 Be6 18. Rg1 Qb6 19. exd5 (19. Qe3 $15) 19... Bxd5 20. a5 Qc7 (20... Qd4 $17 {Hoping for ...e4.} 21. c3 Qc5 22. Bxd5 cxd5) 21. Nf1 (21. Bxd5 $15 cxd5 22. Nf1) 21... Bxb3 $19 22. cxb3 Rad8 23. Ra4 (23. Qe2 $17 {was called for.}) 23... Qd7 (23... f5 $19 {[%cal Oe5e4] Threatens to win with ...e4!} 24. Qe2 Qd7 25. gxf5 Rxf5) 24. Rg3 (24. Ne3 $17) 24... f5 25. gxf5 Rxf5 26. Re3 Rf4 27. Rae4 Qf7 28. Qc2 (28. a6 $17) 28... Qxh5 29. a6 Qf7 30. axb7 Qxb7 31. Nd2 Qf7 {[%emt 0:00:19] Black is more active.} 32. Nc4 (32. f3 $17 {might work better.}) 32... Qh5 33. Qe2 Qxe2+ 34. Kxe2 Rxe4 (34... Rb8 $142 35. Nd2 Kf7) 35. Rxe4 Kf7 36. Nxe5+ $2 {[%emt 0:01:01][%mdl 8192] This costs White the game.} (36. Na5 $17) 36... Bxe5 37. Rxe5 $17 {[%emt 0:00:03] [#] KR-KR} Re8 $1 38. Re3 Rxe3+ 39. fxe3 c5 40. Kf3 h5 {[%emt 0:00:00][%cal Bh6h5,Bh5h4][%mdl 32] ( -> ...h4)} 41. Ke4 h4 {[%emt 0:03:19] Weighted Error Value: White=0.76/Black=0.10 (very precise)} 0-1

[Event "Norwegian Championship Elite 2022"]
[Site "Kongsvinger"]
[Date "2022.07.09"]
[Round "2.5"]
[White "Urkedal, Frode Olav Olsen"]
[Black "Ostenstad, Berge"]
[Result "1/2-1/2"]
[ECO "B46"]
[WhiteElo "2555"]
[BlackElo "2451"]
[Annotator "TA"]
[PlyCount "161"]
[EventDate "2022.07.08"]
[EventCountry "NOR"]
[SourceTitle "playchess.com"]
[Source "ChessBase"]
[SourceQuality "1"]
[TimeControl "40/5400+30:1800+30"]

1. e4 c5 2. Nf3 e6 3. d4 cxd4 4. Nxd4 Nc6 5. Nc3 a6 6. Nxc6 bxc6 7. Bd3 d5 8. O-O Nf6 9. Qf3 {[%emt 0:02:14] B46: Sicilian: Taimanov: 5 Nc3 a6.} Be7 10. Qg3 O-O {[%emt 0:00:46] 10...0-0 is better than 10...Nh5.} 11. Bh6 {[%emt 0:02:21][%csl Gh6][%cal Rg3g7] White has an edge.} Ne8 {[%emt 0:00:56] Threatens to win with ...Bh4.} 12. Bf4 a5 13. Na4 Ba6 14. Rfd1 {[%emt 0:10:34] [#]} Nd6 $146 ({Predecessor:} 14... Bb5 15. Bxb5 cxb5 16. Nc3 b4 17. Na4 Rc8 18. exd5 exd5 19. Rd2 Rc6 20. Rad1 Nf6 21. Be5 {½-½ (21) Grigoriants,S (2565)-Mainka,R (2482) Germany 2008}) 15. Be5 g6 16. Nc5 (16. Rac1 $14) 16... Bxd3 $11 17. cxd3 Ne8 18. Rac1 Nf6 19. Na4 Rc8 20. h3 c5 21. b3 Nd7 22. Bb2 Rc6 23. Ba3 {[%emt 0:03:43] White is much more active. The black rooks are badly placed.} (23. exd5 $16 exd5 24. d4) 23... Bd6 24. Qf3 d4 25. Rc2 $2 {[%emt 0:01:10] [#]} (25. Qe2 $14 {keeps the upper hand.}) 25... Qe7 $2 (25... Ne5 $1 $17 26. Qe2 c4 27. Bxd6 cxd3 28. Qxd3 Nxd3 29. Rxc6 Qa8) 26. Nb2 Rfc8 27. Qe2 Qf6 28. Nc4 Bc7 29. Bc1 e5 (29... a4 $5) 30. Bd2 (30. Qg4 {is interesting.} Qe7 31. Bh6 Ra8 32. Rb1) 30... Ra8 31. Nb2 (31. Qg4 {looks sharper.} Qe7 32. Rb1 Kg7 33. Bg5) 31... Nf8 32. Rdc1 Ne6 33. Rc4 $1 h5 34. Ra4 Rca6 35. Rc2 Kg7 36. Nc4 Kg8 37. Bc1 Kg7 38. Qd1 Kg8 39. Nd2 Bd6 40. Nf3 Kg7 41. h4 (41. Qf1 $14) 41... Qe7 (41... Nf8 $1 $15) 42. Qd2 Kg8 43. Qh6 Qf8 44. Qd2 Qe7 45. Qe1 Qd8 46. Bd2 Kg7 47. Bc1 Kg8 (47... Nf8 $15) 48. Re2 Kg7 (48... Nf8 $5 ) 49. g3 Nf8 50. Qd2 (50. Nd2 $1 $11) 50... Kg8 (50... Qf6 {feels hotter.} 51. Qh6+ Kg8 52. Ng5 Qg7) 51. Qe1 Nd7 $1 52. Bd2 ({White should try} 52. Rc4 $15) 52... Qb6 53. Qc1 Qb5 54. Qc4 {[%emt 0:00:15] [#]} Qb7 55. Ng5 Nb6 $1 56. Qb5 Qa7 57. f4 ({But not} 57. Ra3 $2 c4 58. Rxa5 Rxa5 $19) 57... Nxa4 58. Qxa4 exf4 59. gxf4 Be7 60. f5 Qc7 61. Rg2 {[%emt 0:00:25] Prevents Qg3.} c4 62. bxc4 Rb8 {[%emt 0:00:39] Inhibits Qb5. White must now prevent ...Rab6.} 63. Nf3 Rb1+ 64. Kf2 Qc6 {[%emt 0:00:45] Against Qe8+} ({Don't take} 64... Qd8 65. c5 Rf6 66. Qc4 $14) 65. Qxc6 Rxc6 66. fxg6 Rxg6 ({Don't play} 66... Rb2 67. gxf7+ Kh7 68. Ke1 $14) ({Black should play} 66... fxg6 $17 67. Kg3 a4) 67. Rxg6+ fxg6 68. Bxa5 $17 {[%emt 0:00:10][%mdl 4096] Endgame KRB-KBN} Rb2+ 69. Kg3 (69. Kf1 $11) 69... Rxa2 70. Bb6 Ra3 71. Bxd4 Rxd3 72. Kf4 Bxh4 73. Nxh4 $11 {[%emt 0:00:09] Hoping for Ke5.} Rxd4 74. Nxg6 Rxc4 $17 {[%emt 0:00:58] KR-KN} 75. Kg5 Rxe4 76. Kxh5 {[%emt 0:00:11] The position is equal.} Kg7 77. Kg5 Re1 {[%emt 0:00:16] ...Rg1+ is the strong threat.} 78. Kf5 Ra1 79. Ne5 Ra5 80. Ke6 Rxe5+ 81. Kxe5 {[%emt 0:00:05] Black had all chances to win.  Weighted Error Value: White=0.24 (precise) /Black=0.19 (very precise)} 1/2-1/2

[Event "Norwegian Championship Elite 2022"]
[Site "Kongsvinger"]
[Date "2022.07.10"]
[Round "3.1"]
[White "Agdestein, Simen"]
[Black "Hammer, Jon Ludvig"]
[Result "1-0"]
[ECO "A29"]
[WhiteElo "2559"]
[BlackElo "2638"]
[Annotator "TA"]
[PlyCount "63"]
[EventDate "2022.07.08"]
[EventCountry "NOR"]
[SourceTitle "playchess.com"]
[Source "ChessBase"]
[SourceQuality "1"]
[TimeControl "40/5400+30:1800+30"]

1. c4 e5 2. Nc3 Nf6 3. Nf3 Nc6 4. g3 Bb4 5. Bg2 Bxc3 6. bxc3 O-O 7. O-O e4 8. Ng5 Re8 9. f3 exf3 10. Nxf3 Qe7 {[%emt 0:00:07] A29: English Opening: Four Knights Variation with 4 g3.} 11. e3 Ne5 12. Nxe5 Qxe5 {[%emt 0:00:48] The position is equal.} 13. Rb1 c6 {[%emt 0:12:08] [#]} 14. Rf4 $146 ({Predecessor:} 14. Ba3 d6 15. Qf3 Qe6 16. Qf4 c5 17. d4 Qxc4 18. dxc5 Qxa2 19. Ra1 Qc2 20. Rfc1 Qg6 21. cxd6 Re4 22. Bxe4 Be6 23. Bxg6 {1-0 (23) Baranyuk,A (2229)-Petkov,S (2407) ICCF email 2017}) 14... d6 15. Qf1 Qe7 16. a4 Ng4 17. a5 a6 18. h3 Nh6 (18... Nf6 $11) 19. e4 $14 {[%emt 0:02:19] White is more active.} Qg5 20. Rf3 Qxa5 21. d4 f5 $2 {[%emt 0:02:02] Against g4} (21... Qh5 $14) 22. Bxh6 $18 fxe4 {[%emt 0:02:53] [#]} (22... gxh6 23. exf5 Rf8) 23. Rf7 $1 gxh6 {[%emt 0:01:10] [#]} 24. Bxe4 $1 Qg5 {[%emt 0:00:57] [#] ...Qe3+ is the strong threat.} 25. Kh2 $1 h5 (25... Bf5 26. Rxf5) 26. h4 ({Weaker is} 26. Rc7 Re7 27. Rxe7 Qxe7 $11) 26... Qh6 27. Bxh7+ ({Less strong is} 27. Rxh7 Qf8 $16) 27... Kh8 28. Bd3 {[%emt 0:00:59] Hoping for Rh7+.} Kg8 29. Bh7+ $40 {[%emt 0:00:03][%mdl 128] White attacks.} (29. Rf6 $142 Qg7 30. Rg6) 29... Kh8 {[%emt 0:00:05] [#]} 30. Bd3 (30. Be4 $1 $18 Bh3 31. Qd3 Rxe4 32. Qxe4) 30... Kg8 $1 31. Rf6 Qd2+ 32. Kh1 {[%emt 0:00:13] Weighted Error Value: White=0.51/Black=0.51} 1-0

[Event "Norwegian Championship Elite 2022"]
[Site "Kongsvinger"]
[Date "2022.07.10"]
[Round "3.2"]
[White "Hauge, Lars Oskar"]
[Black "Ostmoe, Geir Sune Tallaksen"]
[Result "1/2-1/2"]
[ECO "B11"]
[WhiteElo "2526"]
[BlackElo "2483"]
[Annotator "TA"]
[PlyCount "68"]
[EventDate "2022.07.08"]
[EventCountry "NOR"]
[SourceTitle "playchess.com"]
[Source "ChessBase"]
[SourceQuality "1"]
[TimeControl "40/5400+30:1800+30"]

1. e4 c6 2. Nf3 d5 3. Nc3 Bg4 4. h3 Bxf3 5. Qxf3 e6 6. Be2 Nf6 {[%emt 0:04:19] B11: Caro-Kann: Two Knights Variation.} 7. O-O dxe4 8. Nxe4 Nxe4 {[%emt 0:00:19] White is slightly better.} 9. Qxe4 Nd7 10. d4 Nf6 11. Qe3 Bd6 {[%emt 0:04:49] [#]} 12. g3 $5 $146 {[%emt 0:00:48][%mdl 8] New and interesting.} ({Predecessor:} 12. c4 O-O 13. b3 Qe7 14. Rd1 Rfd8 15. Bf3 Ba3 16. Qe5 Bxc1 17. Raxc1 Qa3 18. Rc2 {0-1 (57) Tomczak,J (2584)-Licznerski,L (2439) Kruszwica 2022}) 12... O-O 13. Qf3 Qe7 14. Re1 Rad8 15. Bf1 Rfe8 16. c3 Nd5 17. Bd3 Qf8 18. Bd2 g6 19. Rad1 e5 20. dxe5 Bxe5 21. Bc4 Nb6 ({Black should play} 21... Bf6 $14) 22. Bb3 $16 Bg7 23. Be3 Rxd1 24. Rxd1 {[%emt 0:00:11][%cal Oe3c5] [#] aiming for Bc5!} ({Of course not} 24. Bxd1 $6 Nc4 $11) 24... Re5 {[%emt 0:01:05] Against Bc5} 25. Rd3 (25. Bf4 $142) 25... Qe7 26. Qd1 h5 27. Rd8+ (27. Kf1 $16) 27... Kh7 $11 {[%emt 0:00:10][%cal Ob6d5] The position is equal.} 28. Qd6 Rxe3 29. fxe3 Qxe3+ 30. Kf1 {[%emt 0:01:25] Active counter play!} Nd5 {[%emt 0:01:34][%mdl 64] [#] Inhibits Qf4. Decoy} 31. Bxd5 Qd3+ 32. Kg2 Qe2+ 33. Kg1 {[%emt 0:01:06] Hoping for Bg2.} Qe1+ 34. Kg2 $1 {[%emt 0:00:04] Strongly threatening Bf3.} Qe2+ {[%emt 0:00:03] Weighted Error Value: White=0.10 (very precise) /Black=0.09 (flawless)} 1/2-1/2